 Dungeon Crawl Stone Soup version 0.26-a0-858-gbf766624f9 (webtiles) character file.

Game seed: 1232191499361791470

92 robertstho the Sneak (level 4, -13/45 HPs)
             Began as a Troll Delver on Nov 24, 2020.
             Mangled by Blork the orc
             ... wielding a +6 scimitar of holy wrath
              (15 damage)
             ... on level 5 of the Dungeon.
             The game lasted 00:00:51 (95 turns).

robertstho the Sneak (Troll Delver)                   Turns: 95, Time: 00:00:52

Health: -13/45     AC:  6    Str: 21    XL:     4   Next: 35%
Magic:  3/3        EV: 10    Int:  6    God:
Gold:   0          SH:  0    Dex: 11    Spells: 3/3 levels left

rFire    . . .     SeeInvis .     - Unarmed
rCold    . . .     Faith    .   (no shield)
rNeg     . . .     Spirit   .   a - +0 robe
rPois    .         Reflect  .   (helmet restricted)
rElec    .         Harm     .   (no cloak)
rCorr    .         Rampage  .   (gloves unavailable)
MR       .....                  (boots unavailable)
Stlth    ++........             (no amulet)
HPRegen  0.55/turn              (no ring)
MPRegen  0.08/turn              (no ring)

@: hasted, very quick
A: large, unfitting armour, claws 3, regeneration 1, shaggy fur 1, tough skin 3
a: no special abilities


You were on level 5 of the Dungeon.
You visited 1 branch of the dungeon, and saw 1 of its levels.

Inventory:

Armour
 a - a +0 robe (worn)
Wands
 f - a wand of digging (3)
Scrolls
 b - a scroll of fog
 c - a scroll of magic mapping
 d - a scroll of fear


   Skills:
 * Level 3.0 Fighting
 + Level 1.6 Dodging
 + Level 3.4 Stealth
 * Level 2.5 Unarmed Combat


You had 3 spell levels left.
You didn't know any spells.
Your spell library was empty.

Dungeon Overview and Level Annotations

Branches:
Dungeon (5/15)
 Temple: D:4-7

Altars:

Annotations:
D:5 Blork the orc


Innate Abilities, Weirdness & Mutations

You are too large for most types of armour.
You have claws for hands.
Your natural rate of healing is unusually fast.
You are covered in fur. (AC +1)
You have extremely tough skin. (AC +3)


Message History

You claw the jackal!
You kill the jackal!
The jackal closely misses you.
You claw the jackal!
You kill the jackal!
You miss something. Something hits you. Something hits you!
You barely miss something. Something hits you.
You scratch something. Something hits you but does no damage.
You closely miss something.
You hear some strange, mumbled words.
A magic dart appears from out of thin air!
The magic dart hits you.
* * * LOW HITPOINT WARNING * * *
Something hits you.
* * * LOW HITPOINT WARNING * * *
You feel yourself speed up. Something hits you.
* * * LOW HITPOINT WARNING * * *
You scratch something but do no damage. You scratch something.
Something hits you!
You die...

#.#### #....#
####.# #.#
#####.#
#....<#######
#.#####.....#
#.#####.###.#
#..>....# #@#
######### #{#
#.# #####.###
#.....(.#
#....##.#
#....# .#
#....# #
#......#


There were no monsters in sight!

Vanquished Creatures
  A centaur (D:5)
  An adder (D:5)
  3 jackals (D:5)
5 creatures vanquished.

Notes
Turn   | Place    | Note
-------+----------+-------------------------------------------
     0 | D:5      | robertstho the Troll Delver began the quest for the Orb.
     0 | D:5      | Reached XP level 1. HP: 22/22 MP: 0/0
    14 | D:5      | Noticed a centaur
    20 | D:5      | Killed a centaur
    21 | D:5      | Reached XP level 2. HP: 28/29 MP: 1/1
    21 | D:5      | Reached XP level 3. HP: 35/36 MP: 2/2
    21 | D:5      | Reached XP level 4. HP: 43/44 MP: 3/3
    72 | D:5      | Noticed Blork the orc
    93 | D:5      | HP: 1/45 [something (6)]
    95 | D:5      | Mangled by Blork the orc

Illustrated notes

Levels and vault maps discovered:
D:5:      layout_basic, makhleb_blood_cavern_becter, uniq_grinder,
          uniq_blork_the_orc, uniq_duvessa

Skill      XL: |  1  2  3  4 |
---------------+-------------+-----
Stealth        | 3 |  3.4
Fighting       | 3 |  3.0
Dodging        | |  1.6
Unarmed Combat | |  2.5

Action                   |  1- 3 |  4- 6 || total
-------------------------+-------+-------++-------
Melee: Unarmed           |     3 |    17 ||    20
  Use: Potion            |       |     1 ||     1
 Stab: Sleeping          |     1 |       ||     1
Armor: Robe              |       |    13 ||    13
Dodge: Dodged            |     2 |    19 ||    21

Table legend: (Time is in decaauts)
 A = Elapsed time spent in this place.
 B = Non-inter-level travel time spent in this place.
 C = Inter-level travel time spent in this place.
 D = Time resting spent in this place.
 E = Time spent auto-exploring this place.
 F = Levels seen in this place.
 G = Mean time per level.
                   A        B        C        D        E       F      G
               +--------+--------+--------+--------+--------+-----+--------+
         Total |     93 |     93 |      0 |      0 |     57 |   1 |   93.0 |
       Dungeon |     93 |     93 |      0 |      0 |     57 |   1 |   93.0 |
               +--------+--------+--------+--------+--------+-----+--------+

Top non-repeatable levels by time:
     D:5: 93 daAuts
